 Dungeon Crawl Stone Soup version 0.30.1-9-gdf580d7c3d (webtiles) character file.

Game seed: 2842568638818184342

70 Ivernyr the Twirler (level 4, 0/35 HPs)
             Began as a Formicid Fighter on Oct 5, 2023.
             Succumbed to Crazy Yiuf's poison
             ... on level 2 of the Dungeon.
             The game lasted 00:03:00 (1066 turns).

Ivernyr the Twirler (Formicid Fighter)              Turns: 1066, Time: 00:03:00

Health: 0/35       AC:  6    Str: 23    XL:     4   Next: 44%
Magic:  4/4        EV: 14    Int:  7    God:
Gold:   51         SH:  5    Dex: 13    Spells: 3/3 levels left

rFire   . . .        a - +0 quarterstaff
rCold   . . .        c - +0 buckler
rNeg    . . .        b - +0 scale mail
rPois   .            (helmet unavailable)
rElec   .            (no cloak)
rCorr   .            (no gloves)
SInv    +            (no boots)
Will    .....        (no amulet) Stlth
                     (no ring)
HPRegen 0.25/turn    (no ring)
MPRegen 0.09/turn

%: no passive effects
@: mighty, brilliant, agile, lethally poisoned (0 -> -1), attractive, flying
A: permanent stasis, dig shafts and tunnels, antennae 3, four strong arms
a: Dig, Shaft Self


You were on level 2 of the Dungeon.
You visited 1 branch of the dungeon, and saw 2 of its levels.

You collected 51 gold pieces.

Inventory:

Hand Weapons
 a - a +0 quarterstaff (weapon)
Armour
 b - a +0 scale mail (worn)
 c - a +0 buckler (worn)
Scrolls
 e - 2 scrolls of enchant armour {unknown}
 f - a scroll of fog {unknown}
 g - a scroll of summoning {unknown}
 i - a scroll of identify {unknown}
 m - a scroll of brand weapon {unknown}


   Skills:
 - Level 3.2 Fighting
 + Level 4.3 Staves
 - Level 3.2 Armour
 - Level 4.0 Shields


You had 3 spell levels left.
You didn't know any spells.
Your spell library contained the following spells:

 Spells                   Type           Power      Damage    Failure   Level
 Cigotuvi's Dreadful Rot  Necr/Pois/Air  0%         N/A       91%         2
 Dispel Undead            Necr           0%         3d6       100%        4
 Death Channel            Necr           0%         N/A       100%        6


Dungeon Overview and Level Annotations

Branches:
Dungeon (2/15)

Altars:


Innate Abilities, Weirdness & Mutations

You cannot be hasted, slowed, berserked, paralysed or teleported.
You can dig through walls and to a lower floor.
You have a pair of large antennae on your head. (SInv)
Your four strong arms can wield two-handed weapons with a shield.


Message History

Crazy Yiuf yells, "Papa arm canine!"
Crazy Yiuf hits you with a +4 quarterstaff of chaos.
You are lethally poisoned!
You feel very mighty all of a sudden.
* * * LOW HITPOINT WARNING * * *
You feel very sick. Crazy Yiuf hits you but does no damage.
Your stasis prevents you from being hasted.
You sock Crazy Yiuf!
You kill Crazy Yiuf!
* * * LOW HITPOINT WARNING * * *
You feel sick.
Your Staves skill increases to level 4!
You have reached level 4!
You feel stronger.
It was a potion of flight.
You feel very buoyant.
You fly up into the air.
* * * LOW HITPOINT WARNING * * *
You feel sick.
It was a potion of haste.
Your stasis prevents you from being hasted.
* * * LOW HITPOINT WARNING * * *
You feel sick.
It was a potion of brilliance.
You feel clever all of a sudden.
* * * LOW HITPOINT WARNING * * *
You feel sick.
It was a potion of attraction.
You feel attractive to monsters.
* * * LOW HITPOINT WARNING * * *
You feel sick.
* * * LOW HITPOINT WARNING * * *
You feel sick.
There is an open translucent door, spattered with blood here.
Things that are here:
a +4 quarterstaff of chaos; a +0 cloak
* * * LOW HITPOINT WARNING * * *
You feel sick.
You die...

####♣♣ #####
##....♣♣ ♣♣#..)#
#......♣♣♣♣.@...#
#.......♣..♣#...#
#.#....♣.♣♣♣#####
#..##♣♣♣♣♣ ##.#
#.## #..####
##....## ####..#


There were no monsters in sight!

Vanquished Creatures
  Crazy Yiuf (D:2)
  A dart slug (D:1)
  3 endoplasms
  3 goblins
  6 hobgoblins
  4 jackals (D:1)
  4 kobolds (D:1)
  2 quokkas (D:2)
  6 bats (D:1)
  2 frilled lizards (D:1)
  3 rats
35 creatures vanquished.

Notes
Turn   | Place    | Note
-------+----------+-------------------------------------------
     0 | D:1      | Ivernyr the Formicid Fighter began the quest for the Orb.
     0 | D:1      | Reached XP level 1. HP: 18/18 MP: 1/1
    78 | D:1      | Reached XP level 2. HP: 23/24 MP: 2/2
   189 | D:1      | Found a faded altar of an unknown god.
   296 | D:1      | Reached XP level 3. HP: 29/29 MP: 3/3
  1045 | D:2      | Found a runed translucent door.
  1046 | D:2      | Noticed Crazy Yiuf
  1059 | D:2      | Killed Crazy Yiuf
  1060 | D:2      | Reached XP level 4. HP: 6/35 MP: 4/4
  1064 | D:2      | HP: 1/35 [poisoned by Crazy Yiuf]
  1066 | D:2      | Succumbed to Crazy Yiuf's poison

Illustrated notes

Levels and vault maps discovered:
D:1:      heliophobic_arrival_enchanted_forest, layout_basic,
          ebering_ecumenical_altar_sacrificial, chequers_serial_rivers_micro_e,
          minmay_strange_pillars, hangedman_abyss_or_decor_lesser_grid,
          nicolae_figureground_pulse
D:2:      layout_rooms, uniq_crazy_yiuf_cottage

Skill      XL: |  1  2  3 |
---------------+----------+-----
Staves         | 3 4 |  4.3
Fighting       | |  3.2
Armour         | |  3.2
Shields        | |  4.0

Action                     |  1- 3 |  4- 6 || total
---------------------------+-------+-------++-------
  Melee: Quarterstaff      |   110 |       ||   110
    Use: Potion            |     1 |     4 ||     5
 Armour: Scale mail        |    67 |       ||    67
  Dodge: Dodged            |    42 |       ||    42
  Block: Buckler           |    29 |       ||    29
